 Dungeon Crawl Stone Soup version 0.25-a0-458-g6fc7858b95 (webtiles) character file.

Game seed: 5400553680038395327, levelgen mode: deterministic

21 Nattfarinn the Sneak (level 2, 0/15 HPs)
             Began as a Vine Stalker Assassin on Feb 2, 2020.
             Slain by a kobold
             ... wielding a +0 club
              (1 damage)
             ... on level 1 of the Dungeon.
             The game lasted 00:01:16 (763 turns).

Nattfarinn the Sneak (Vine Stalker Assassin)         Turns: 763, Time: 00:01:17

Health: 0/15       AC:  3    Str: 13    XL:     2   Next: 87%
Magic:  0/4        EV: 11    Int: 11    God:
Gold:   33         SH:  0    Dex: 15    Spells: 3/3 levels left

rFire    . . .     SeeInvis .   a - +2 dagger
rCold    . . .     Gourm    .   (no shield)
rNeg     . . .     Faith    .   b - +0 robe
rPois    .         Spirit   +   (no helmet)
rElec    .         Reflect  .   c - +0 cloak
rCorr    .         Harm     .   (no gloves)
MR       .....                  (no boots)
Stlth    +++.......             g - amulet of inaccuracy (curse)
HPRegen  0.05/turn              (no ring)
MPRegen  0.09/turn              (no ring)

@: no status effects
A: fangs 2, magic shield, antimagic bite, no potion heal 3, rot immunity
a: no special abilities


You were on level 1 of the Dungeon.
You were not hungry.

You visited 1 branch of the dungeon, and saw 1 of its levels.

You collected 33 gold pieces.

Inventory:

Hand Weapons
 a - a +2 dagger (weapon)
Missiles
 d - 8 poisoned darts (quivered)
 e - 2 curare-tipped darts
Armour
 b - a +0 robe (worn)
 c - a +0 cloak (worn)
Jewellery
 g - a cursed amulet of inaccuracy (around neck)
Scrolls
 j - a scroll of identify {unknown}
Potions
 h - 2 potions of flight {unknown}
 k - a potion of haste {unknown}
Comestibles
 f - a ration
 i - 9 chunks of flesh


   Skills:
 - Level 1.7 Fighting
 - Level 1.7 Short Blades
 - Level 1.7 Throwing
 - Level 0.7 Dodging
 * Level 5.6 Stealth
 + Level 1.1 Spellcasting


You had 3 spell levels left.
You didn't know any spells.
Your spell library was empty.

Dungeon Overview and Level Annotations

Branches:
Dungeon (1/15)

Altars:


Innate Abilities, Weirdness & Mutations

You have extremely sharp teeth.
When hurt, damage is shared between your health and your magic reserves.
Your bite disrupts and absorbs the magic of your enemies.
Potions cannot restore your health.
You are immune to rotting.


Message History

The kobold is heavily wounded.
The kobold misses you.
You closely miss the kobold.
The kobold is heavily wounded.
The kobold barely misses you.
You miss the kobold.
The kobold is heavily wounded.
You barely miss the kobold.
The kobold is heavily wounded.
The kobold hits you with a +0 club.
* * * LOW HITPOINT WARNING * * *
You see here a hobgoblin skeleton.
You hit the kobold.
The kobold is severely wounded.
The kobold hits you with a +0 club.
* * * LOW HITPOINT WARNING * * *
You miss the kobold. Your bite misses the kobold.
The kobold is severely wounded.
The kobold hits you with a +0 club.
You die...

*,,,,,#.....# *,*
*****,##...## *,*
#.###÷#.########**,*
#......#........,,,*
#####.#.########****
#.### # #.# #
#K###### # #@.....#
# ### #.#.##.# #
##.#####..#.#.#####
#
#........###......#
#
##.#####.÷#.#.###.#
# #######.#
##....##.# #.# #
#.......# #.....##.#
#.# ####.#######
##......)# #.#
#.......# ##.######
#.######


You could see a kobold.

Vanquished Creatures
  A dart slug (D:1)
  4 goblins (D:1)
  6 hobgoblins (D:1)
  A jackal (D:1)
  A bat (D:1)
  2 kobolds (D:1)
  2 rats (D:1)
17 creatures vanquished.

Notes
Turn   | Place    | Note
-------+----------+-------------------------------------------
     0 | D:1      | Nattfarinn the Vine Stalker Assassin began the quest for
                  | the Orb.
     0 | D:1      | Reached XP level 1. HP: 11/11 MP: 2/2
    43 | D:1      | Reached skill level 5 in Stealth
   489 | D:1      | Reached XP level 2. HP: 15/15 MP: 2/4
   658 | D:1      | Reached skill level 1 in Spellcasting
   763 | D:1      | Slain by a kobold

Levels and vault maps discovered:
D:1:      mainiacjoe_arrival_reflecting_pool, layout_loops_corners,
          minivault_25, hangedman_feature_mirror

Skill      XL: |  1  2 |
---------------+-------+-----
Stealth        | 5 |  5.6
Spellcasting   | 1 |  1.1
Fighting       | |  1.7
Short Blades   | |  1.7
Throwing       | |  1.7
Dodging        | |  0.7

Action                   || total
-------------------------++-------
Melee: Dagger            ||    50
       Bite              ||     6
  Use: Scroll            ||     1
 Stab: Sleeping          ||     5
Armor: Robe              ||     8
Dodge: Dodged            ||    14

Table legend:
 A = Non-vault XP
 B = Vault XP
 C = Vault XP percentage of total XP
 D = Non-vault monster count
 E = Vault monster count
 F = Vault count percentage of total count
                 A         B        C        D         E       F
            +---------+---------+-------+---------+---------+-------
      Total |      21 |      10 |  32.3 |      11 |       6 |  35.3
            +---------+---------+-------+---------+---------+-------
        D:1 |      21 |      10 |  32.3 |      11 |       6 |  35.3
            +---------+---------+-------+---------+---------+-------
